[Event "Titled Tuesday Blitz August 08 Early 2023"]
[White "Nosacheva, Mariya"]
[Black "Perske, Thore"]
[WhiteFideId "34111422"]
[BlackFideId "12902195"]
[WhiteElo "2392"]
[BlackElo "2504"]
[Result "0-1"]
[Round "6"]
[TimeControl "180+1"]
[Date "2023.08.08"]
[WhiteClock "0:00:16"]
[BlackClock "0:00:15"]
[Board "148"]

1. e4 e6 2. d4 d5 3. Nc3 Nf6 4. e5 Nfd7 5. Nce2 c5 6. c3 Nc6 7. Nf3 a5 8. a3 a4 9. h4 Qa5 10. Bd2 Qb6 11. Bc1 f6 12. Nf4 cxd4 13. cxd4 fxe5 14. Nxe6 e4 15. Nxf8 Rxf8 16. Ng5 Nf6 17. Be3 Qxb2 18. Be2 Qc3+ 19. Kf1 Ng4 20. Bxg4 Bxg4 21. Qxg4 Qxa1+ 22. Ke2 Qa2+ 23. Kd1 Qxa3 24. Qe6+ Qe7 25. Qxd5 a3 26. Nxe4 a2 27. Ke2 Rd8 28. Qxa2 Qxe4 29. Re1 Qd5 30. Qb1 Kf7 31. Qxh7 Qc4+ 32. Kf3 Qd5+ 33. Ke2 Rh8 34. Qb1 Rxh4 35. Qxb7+ Rd7 36. Qb1 Nxd4+ 37. Bxd4 Rxd4 38. Kf1 Rd1 39. Qc2 Qd3+ 40. Qxd3 R7xd3 41. Rxd1 Rxd1+ 42. Ke2 Ra1 43. Ke3 Ra7 44. Ke4 Kf6 45. Kf4 Ra4+ 46. Kf3 Ra3+ 47. Kf4 Ra4+ 48. Kf3 Kf5 49. g3 Ra3+ 50. Kg2 Kg4 51. Kh2 Kf3 52. Kh3 Ra2 53. Kh4 Rxf2 54. g4 Rg2 55. Kh5 Kf4 56. Kg6 Rxg4+ 0-1


[Site "https://www.chess.com"]

[Event "Titled Tuesday Blitz August 08 Early 2023"]
[White "Willy, Stephen"]
[Black "Qiao, Cindy"]
[WhiteFideId "30981468"]
[BlackFideId "2620243"]
[WhiteElo "2501"]
[BlackElo "2391"]
[Result "1-0"]
[Round "6"]
[TimeControl "180+1"]
[Date "2023.08.08"]
[WhiteClock "0:01:07"]
[BlackClock "0:00:10"]
[Board "149"]

1. e4 d5 2. exd5 Qxd5 3. Nc3 Qd6 4. d4 Nf6 5. Nf3 g6 6. g3 Bg7 7. Bg2 O-O 8. O-O c6 9. Qe2 Bg4 10. Rd1 Na6 11. h3 Be6 12. a3 Nc7 13. Bf4 Qd8 14. Ng5 Bd5 15. Nge4 Ne6 16. Be5 Nxe4 17. Bxe4 Bxe4 18. Qxe4 Re8 19. d5 cxd5 20. Nxd5 Qc8 21. Rac1 Qc6 22. Bxg7 Kxg7 23. c4 Rad8 24. h4 h5 25. Re1 b5 26. Qe5+ Kh7 27. Nb4 Qf3 28. Rc3 Qg4 29. cxb5 Nd4 30. Kg2 e6 31. Re4 Qf3+ 32. Rxf3 1-0


[Site "https://www.chess.com"]

[Event "Titled Tuesday Blitz August 08 Early 2023"]
[White "Ventura Bolet, Maxim"]
[Black "Gavilan Diaz, Mario"]
[WhiteFideId "22238824"]
[BlackFideId "2260905"]
[WhiteElo "2386"]
[BlackElo "2499"]
[Result "1-0"]
[Round "6"]
[TimeControl "180+1"]
[Date "2023.08.08"]
[WhiteClock "0:01:17"]
[BlackClock "0:01:23"]
[Board "150"]

1. e4 e6 2. Nf3 d5 3. e5 c5 4. b4 b6 5. a3 Ne7 6. c3 Ng6 7. d4 cxd4 8. cxd4 a5 9. b5 f6 10. Bd3 Be7 11. h4 O-O 12. h5 Nh8 13. exf6 Bxf6 14. Qc2 h6 15. Bh7+ Kf7 16. a4 Ra7 17. Ba3 Re8 18. Qg6+ Nxg6 19. hxg6# 1-0


[Site "https://www.chess.com"]

[Event "Titled Tuesday Blitz August 08 Early 2023"]
[White "Garakov, Mikhael"]
[Black "Vifleemskaia, Svetlana"]
[WhiteFideId "4169034"]
[BlackFideId "4129490"]
[WhiteElo "2495"]
[BlackElo "2380"]
[Result "1/2-1/2"]
[Round "6"]
[TimeControl "180+1"]
[Date "2023.08.08"]
[WhiteClock "0:00:42"]
[BlackClock "0:00:35"]
[Board "151"]

1. e4 e5 2. Nf3 Nc6 3. Bb5 a6 4. Bxc6 dxc6 5. d4 exd4 6. Qxd4 Qxd4 7. Nxd4 Bd7 8. Nc3 O-O-O 9. Be3 f6 10. O-O-O Ne7 11. f3 Ng6 12. Nde2 h5 13. Nf4 Nxf4 14. Bxf4 g5 15. Be3 h4 16. h3 Bd6 17. Bd4 Bf4+ 18. Kb1 Rhf8 19. Rhe1 Be6 20. Bf2 Rxd1+ 21. Rxd1 Rd8 22. Rxd8+ Kxd8 23. b3 Kd7 24. Ne2 Be5 25. Bd4 Kd6 26. Bxe5+ Kxe5 27. Kc1 f5 28. exf5 Bxf5 29. Kd2 c5 30. c3 b5 31. a3 c6 32. Ke3 Bc2 33. b4 Kd5 34. Kd2 Bf5 35. f4 g4 36. Ng1 cxb4 37. cxb4 c5 38. bxc5 Kxc5 39. hxg4 Bxg4 40. f5 Bxf5 41. Nf3 h3 42. gxh3 Bxh3 43. Kc3 a5 44. Nd2 b4+ 45. axb4+ axb4+ 46. Kb2 Bf5 47. Nb3+ Kc4 48. Na5+ Kb5 49. Nb3 Kc4 50. Na5+ Kb5 51. Nb3 Bh7 52. Nd4+ Kc4 53. Nc6 Kb5 54. Nxb4 1/2-1/2


[Site "https://www.chess.com"]

[Event "Titled Tuesday Blitz August 08 Early 2023"]
[White "EsmeraldasAnderson03"]
[Black "Shishkov, Andrei"]
[BlackFideId "4500563"]
[WhiteElo "2379"]
[BlackElo "2495"]
[Result "1-0"]
[Round "6"]
[TimeControl "180+1"]
[Date "2023.08.08"]
[WhiteClock "0:00:10"]
[BlackClock "0:00:02"]
[Board "152"]

1. d4 Nf6 2. Nf3 e6 3. Bf4 d5 4. e3 c5 5. c3 Nc6 6. Nbd2 Be7 7. Bb5 O-O 8. O-O Nh5 9. Bxc6 bxc6 10. Be5 f6 11. Bg3 Nxg3 12. hxg3 Rb8 13. Qc2 Qc7 14. Rfe1 f5 15. c4 Ba6 16. Rac1 Rfc8 17. a3 Qb6 18. b3 cxd4 19. Nxd4 c5 20. N4f3 dxc4 21. bxc4 Bf6 22. Rb1 Qc6 23. Rxb8 Rxb8 24. Rb1 Rxb1+ 25. Qxb1 Bb7 26. Qd3 g5 27. Ne1 g4 28. Nb3 Qc7 29. Qd2 h5 30. Nd3 Be4 31. Ndxc5 Qc6 32. Nxe4 Qxe4 33. Kh2 Qxc4 34. Nd4 Bxd4 35. exd4 Kf7 36. Qg5 Qxd4 37. Qxh5+ Ke7 38. Qh7+ Kd6 39. Qb7 Qxf2 40. a4 Qb6 41. Qc8 Qc7 42. Qf8+ Kd5 43. Qg8 a5 44. Qf8 Qd6 45. Qf6 Qe5 46. Qd8+ Qd6 47. Qxa5+ Qc5 48. Qd8+ Kc6 49. Qc8+ Kd6 50. Qd8+ Ke5 51. a5 Qd6 52. Qh8+ Kd5 53. Qa1 Qa6 54. Qa2+ Kd6 55. Kg1 e5 56. Kf2 f4 57. gxf4 exf4 58. Qa3+ Ke5 59. Qc3+ Ke4 60. Qe1+ Kf5 61. Qb1+ Ke5 62. Qb2+ Ke4 63. Qb4+ Ke5 64. Qb6 Qd3 65. Qc7+ Kf6 66. Qc6+ Kf5 67. Qc5+ Kf6 68. Qc6+ Kf5 69. Qc8+ Kf6 70. Qf8+ Ke5 71. Qg7+ Ke4 72. Qxg4 Qd2+ 73. Kf1 Qc1+ 74. Kf2 Qb2+ 75. Kg1 Qa1+ 76. Kh2 Qxa5 77. Qf3+ Ke5 78. Qh5+ Ke4 79. Qxa5 Ke3 80. Qe1+ Kd4 81. Qf1 Ke5 82. Qf3 Kf5 83. Kh3 Kg5 84. Qg4+ 1-0


[Site "https://www.chess.com"]

[Event "Titled Tuesday Blitz August 08 Early 2023"]
[White "Gueci, Tea"]
[Black "Malka, Samuel"]
[WhiteFideId "872342"]
[BlackFideId "20643675"]
[WhiteElo "2376"]
[BlackElo "2493"]
[Result "1-0"]
[Round "6"]
[TimeControl "180+1"]
[Date "2023.08.08"]
[WhiteClock "0:00:19"]
[BlackClock "0:00:00"]
[Board "153"]

1. e4 e5 2. Nf3 Nc6 3. d4 exd4 4. Bc4 Nf6 5. e5 Ne4 6. Qe2 Nc5 7. O-O Ne6 8. Rd1 d6 9. Bb5 dxe5 10. Nxe5 Bd7 11. Nxd7 Qxd7 12. c3 Be7 13. Bxc6 Qxc6 14. cxd4 Nxd4 15. Rxd4 Qxc1+ 16. Rd1 Qc5 17. Re1 O-O-O 18. Nc3 Bd6 19. Ne4 Qe5 20. Qg4+ Kb8 21. Nxd6 Qxd6 22. Rad1 Qf6 23. b3 a6 24. h3 g6 25. Qc4 Rhe8 26. Rc1 Rxe1+ 27. Rxe1 b6 28. Rc1 Rd7 29. Qxa6 Qf4 30. Qf1 Rd2 31. Rd1 Rxa2 32. g3 Qf3 33. Rd8+ Kb7 34. Qg2 Qxg2+ 35. Kxg2 Rb2 36. Rd3 Kc6 37. Rc3+ Kb7 38. h4 Rd2 39. Kf3 Rd5 40. g4 h5 41. gxh5 Rxh5 42. Kg3 c5 43. Rf3 f5 44. Re3 Rh7 45. Re6 Rg7 46. Kf4 Ka6 47. Kg5 Kb5 48. Rxg6 Rf7 49. h5 Kb4 50. Rxb6+ Kc3 51. Kg6 Rf8 52. Kg7 Rd8 53. h6 Rd4 54. h7 Rg4+ 55. Rg6 1-0


[Site "https://www.chess.com"]

[Event "Titled Tuesday Blitz August 08 Early 2023"]
[White "Der_Balak_3Halak"]
[Black "Tokman, Ariel"]
[BlackFideId "117420"]
[WhiteElo "2365"]
[BlackElo "2490"]
[Result "1-0"]
[Round "6"]
[TimeControl "180+1"]
[Date "2023.08.08"]
[WhiteClock "0:00:46"]
[BlackClock "0:00:40"]
[Board "154"]

1. e4 Nf6 2. e5 Nd5 3. c4 Nb6 4. d4 d6 5. f4 g6 6. a4 a5 7. Nc3 Bg7 8. Be3 Nc6 9. Be2 O-O 10. b3 f6 11. c5 fxe5 12. fxe5 dxe5 13. d5 Nd4 14. cxb6 Bf5 15. bxc7 Qxc7 16. Rc1 Nc2+ 17. Rxc2 Bxc2 18. Qxc2 e4 19. Bc4 Qe5 20. Nge2 Kh8 21. Qxe4 Qh5 22. Bd4 Qg5 23. Bxg7+ Kxg7 24. Qd4+ Kh6 25. Qd2 1-0


[Site "https://www.chess.com"]

[Event "Titled Tuesday Blitz August 08 Early 2023"]
[White "Melikhov, Evgeny V."]
[Black "Liu, Casper"]
[WhiteFideId "4122046"]
[BlackFideId "1454153"]
[WhiteElo "2362"]
[BlackElo "2488"]
[Result "0-1"]
[Round "6"]
[TimeControl "180+1"]
[Date "2023.08.08"]
[WhiteClock "0:00:00"]
[BlackClock "0:00:06"]
[Board "155"]

1. d4 Nf6 2. c4 g6 3. Nc3 Bg7 4. e4 O-O 5. Be3 d6 6. f3 c5 7. Nge2 cxd4 8. Nxd4 Nc6 9. Be2 Be6 10. O-O Rc8 11. b3 Nd7 12. Rc1 Qa5 13. Qd2 a6 14. a4 Nc5 15. Bd1 Qb6 16. Rf2 Nb4 17. Nxe6 fxe6 18. Rb1 Qa5 19. Na2 Ncd3 20. Nxb4 Nxb4 21. Bd4 Bxd4 22. Qxd4 Qg5 23. Qd2 Qc5 24. Kf1 Rfd8 25. Be2 d5 26. Rd1 Rd6 27. Qd4 dxc4 28. Qxc5 Rxd1+ 29. Bxd1 Rxc5 30. bxc4 Rxc4 31. Bb3 Rc1+ 32. Ke2 Kf7 33. Kd2 Rb1 34. Kc3 Nc6 35. Rd2 Na5 36. Bc2 Rc1 37. Rd7 b5 38. axb5 axb5 39. Kb2 Rg1 40. Bd3 Rxg2+ 41. Kc3 Nc4 42. Rb7 Nd6 43. Rb8 Rxh2 44. e5 Nf5 45. Bxb5 h5 46. Be8+ Kg7 47. Bd7 Kf7 48. Be8+ Kg7 49. Bd7 Rf2 50. Bxe6 Rxf3+ 51. Kd2 Nd4 0-1


[Site "https://www.chess.com"]

[Event "Titled Tuesday Blitz August 08 Early 2023"]
[White "marik_spb"]
[Black "Krzywda, Andrzej"]
[BlackFideId "1114565"]
[WhiteElo "2485"]
[BlackElo "2361"]
[Result "0-1"]
[Round "6"]
[TimeControl "180+1"]
[Date "2023.08.08"]
[WhiteClock "0:00:04"]
[BlackClock "0:00:21"]
[Board "156"]

1. e4 e5 2. Nf3 Nf6 3. Nxe5 d6 4. Nf3 Nxe4 5. d4 d5 6. Bd3 Be7 7. O-O Bf5 8. Nbd2 O-O 9. Re1 Nd6 10. Bxf5 Nxf5 11. c3 Nd7 12. Nf1 Bd6 13. Ng3 Nxg3 14. hxg3 Re8 15. Rxe8+ Qxe8 16. Qb3 Nb6 17. a4 a5 18. Be3 Bxg3 19. Re1 Bd6 20. Qc2 Qxa4 21. Qf5 Qd7 22. Qh5 Nc4 23. Bc1 a4 24. Ng5 Qf5 25. Qh4 f6 26. Nf3 Qg6 27. Nh2 Re8 28. f3 h5 29. Nf1 Kh7 30. Rxe8 Qxe8 31. g4 g5 32. Bxg5 fxg5 33. Qxg5 hxg4 34. fxg4 Qg6 35. Qxd5 Qxg4+ 36. Kf2 Qf4+ 37. Kg1 Ne3 38. Qh1+ Kg8 39. Qh3 Qxf1+ 40. Qxf1 Nxf1 41. Kxf1 Kf7 42. Ke2 Ke6 43. Kd3 b5 44. Ke4 c6 45. Ke3 Kd5 46. Kd3 Be7 47. Ke3 Kc4 48. Kd2 Kb3 49. Kc1 Bg5+ 50. Kb1 a3 51. bxa3 Kxc3 52. d5 cxd5 53. Ka2 d4 54. a4 bxa4 55. Ka1 d3 56. Kb1 d2 57. Ka2 d1=Q 58. Ka3 Qb3# 0-1


[Site "https://www.chess.com"]

[Event "Titled Tuesday Blitz August 08 Early 2023"]
[White "Ocido, Michael"]
[Black "dr_tatiana"]
[WhiteFideId "115201920"]
[WhiteElo "2485"]
[BlackElo "2358"]
[Result "1-0"]
[Round "6"]
[TimeControl "180+1"]
[Date "2023.08.08"]
[WhiteClock "0:00:43"]
[BlackClock "0:00:00"]
[Board "157"]

1. d4 d5 2. c4 c6 3. Nf3 Nf6 4. Nc3 dxc4 5. a4 Bf5 6. e3 e6 7. Bxc4 Bb4 8. O-O O-O 9. Qe2 Nbd7 10. h3 Bg6 11. Na2 Be7 12. Nc3 Bh5 13. Bb3 Nb6 14. a5 Nbd5 15. e4 Nxc3 16. bxc3 c5 17. Qd3 Bxf3 18. gxf3 cxd4 19. cxd4 Nh5 20. d5 Bd6 21. Rd1 Qh4 22. dxe6 Rad8 23. exf7+ Kh8 24. Qf1 Bc5 25. Rxd8 Rxd8 26. Qg2 Rd3 27. Bg5 1-0


[Site "https://www.chess.com"]

[Event "Titled Tuesday Blitz August 08 Early 2023"]
[White "Rottenwohrer Suarez, Juan"]
[Black "Hoffmann, Asa"]
[WhiteFideId "32068182"]
[BlackFideId "2001470"]
[WhiteElo "2482"]
[BlackElo "2357"]
[Result "1-0"]
[Round "6"]
[TimeControl "180+1"]
[Date "2023.08.08"]
[WhiteClock "0:00:10"]
[BlackClock "0:00:04"]
[Board "158"]

1. Nf3 d6 2. e4 Bg4 3. h3 Bh5 4. d4 Nf6 5. Nc3 c6 6. Qe2 e6 7. g4 Bg6 8. h4 d5 9. exd5 cxd5 10. Qb5+ Qd7 11. Ne5 Qxb5 12. Bxb5+ Nfd7 13. h5 Bxc2 14. Kd2 Be4 15. f3 Bxf3 16. Nxf3 Nc6 17. Bxc6 bxc6 18. Na4 Bd6 19. b3 Ke7 20. Kd3 f6 21. Bb2 e5 22. dxe5 fxe5 23. Rae1 e4+ 24. Kc2 Rhf8 25. Nd4 Rf2+ 26. Re2 Rxe2+ 27. Nxe2 Be5 28. Nd4 Rc8 29. Rf1 g6 30. h6 c5 31. Nb5 a6 32. Nbc3 Ke6 33. g5 e3 34. Kd3 Bxc3 35. Nxc3 d4 36. Ne4 Ne5+ 37. Ke2 a5 38. Rf6+ Ke7 39. Ba3 Nd7 40. Ra6 Rf8 41. Rxa5 Rf4 42. Bxc5+ Nxc5 43. Nxc5 Rf2+ 44. Ke1 Rf5 45. Ra7+ Kd6 46. Nd3 Kd5 47. Rxh7 Ke4 48. Ke2 Ra5 49. Re7+ Kf5 50. a4 Kxg5 51. h7 Ra8 52. Ne5 Rh8 53. Nf7+ Kf6 54. Nxh8 Kxe7 55. Nxg6+ Kf6 56. h8=Q+ Kxg6 57. Qxd4 Kf5 58. Qxe3 Kg4 59. Kd3 1-0


[Site "https://www.chess.com"]

[Event "Titled Tuesday Blitz August 08 Early 2023"]
[White "Yashmetov, Mikhail"]
[Black "MarijaKuznecova"]
[WhiteFideId "24198900"]
[WhiteElo "2478"]
[BlackElo "2356"]
[Result "1-0"]
[Round "6"]
[TimeControl "180+1"]
[Date "2023.08.08"]
[WhiteClock "0:00:53"]
[BlackClock "0:01:30"]
[Board "159"]

1. d4 Nf6 2. c4 c5 3. d5 b5 4. cxb5 a6 5. e3 axb5 6. Bxb5 g6 7. Nc3 Bg7 8. a4 Qa5 9. Bd2 O-O 10. Nf3 Ba6 11. O-O Bxb5 12. Nxb5 Qb6 13. Bc3 d6 14. Qc2 Nxd5 15. Bxg7 Kxg7 16. Qe4 e6 17. Nd2 Rd8 18. Nc4 Qc6 19. Ncxd6 Rxd6 20. Qe5+ Nf6 21. Qxd6 Qe4 22. Qxc5 Rxa4 23. Rxa4 Qxa4 24. Nd6 Nbd7 25. Qd4 Qb3 26. Qc3 Qd5 27. Ne8+ 1-0


[Site "https://www.chess.com"]

[Event "Titled Tuesday Blitz August 08 Early 2023"]
[White "Shohat, Yotam"]
[Black "Nithyalakshmi, Sivanesan"]
[WhiteFideId "2813955"]
[BlackFideId "5706955"]
[WhiteElo "2477"]
[BlackElo "2345"]
[Result "1-0"]
[Round "6"]
[TimeControl "180+1"]
[Date "2023.08.08"]
[WhiteClock "0:01:18"]
[BlackClock "0:01:00"]
[Board "160"]

1. e4 e6 2. d4 d5 3. Nc3 Nf6 4. e5 Ng8 5. Bd3 c5 6. dxc5 Bxc5 7. Qg4 Kf8 8. Nf3 Nc6 9. O-O h5 10. Qf4 Ke8 11. Be3 Be7 12. h4 Nh6 13. Ng5 d4 14. Rad1 dxc3 15. Nxf7 Nxf7 16. Bg6 Rf8 17. Rxd8+ Bxd8 18. bxc3 Bc7 19. Bd4 Ke7 20. Bc5+ Ke8 21. Bxf8 1-0


[Site "https://www.chess.com"]

[Event "Titled Tuesday Blitz August 08 Early 2023"]
[White "Amanov, Zhanibek"]
[Black "Vivas Zamora, Fabian Ernesto"]
[WhiteFideId "13700189"]
[BlackFideId "3902480"]
[WhiteElo "2345"]
[BlackElo "2476"]
[Result "1-0"]
[Round "6"]
[TimeControl "180+1"]
[Date "2023.08.08"]
[WhiteClock "0:00:07"]
[BlackClock "0:00:01"]
[Board "161"]

1. e4 c5 2. Nf3 d6 3. Bb5+ Bd7 4. Bxd7+ Nxd7 5. O-O Ngf6 6. Re1 g6 7. c3 c4 8. d4 cxd3 9. Qxd3 Bg7 10. Bf4 O-O 11. Nbd2 Nc5 12. Qc2 Rc8 13. Rad1 Qb6 14. e5 dxe5 15. Nxe5 Ne6 16. Be3 Qb5 17. Ndf3 Rfd8 18. Nd4 Nxd4 19. Bxd4 Nh5 20. Qb3 Qxb3 21. axb3 Nf4 22. Nf3 Bxd4 23. Nxd4 Kf8 24. Re4 Nh5 25. Rde1 e6 26. g4 Nf6 27. Rf4 Kg7 28. g5 Nd5 29. Rfe4 Rd6 30. c4 Nb4 31. Nb5 Rb6 32. Nxa7 Rd8 33. c5 Ra6 34. Rxb4 Rxa7 35. Rc4 Rd2 36. Rb1 Ra2 37. Rb4 Ra7 38. h4 Kf8 39. Rc4 Ra2 40. Rb4 Ra7 41. Rb6 Rd4 42. b4 Rxh4 43. Rd1 Rg4+ 44. Kh2 Rxg5 45. Rd7 Rg4 46. Rdxb7 Rxb7 47. Rxb7 Rc4 48. b3 h5 49. bxc4 1-0


[Site "https://www.chess.com"]

[Event "Titled Tuesday Blitz August 08 Early 2023"]
[White "Rosh Jain"]
[Black "Lopez Gracia, Fernando"]
[WhiteFideId "25789465"]
[BlackFideId "2207184"]
[WhiteElo "2475"]
[BlackElo "2337"]
[Result "1-0"]
[Round "6"]
[TimeControl "180+1"]
[Date "2023.08.08"]
[WhiteClock "0:00:23"]
[BlackClock "0:00:02"]
[Board "162"]

1. e4 c5 2. Nf3 e6 3. d4 cxd4 4. Nxd4 Nf6 5. Bd3 Nc6 6. Be3 d5 7. exd5 Nxd5 8. Nxc6 bxc6 9. Bd2 Rb8 10. b3 Qf6 11. c3 Bd6 12. O-O O-O 13. Qc2 h6 14. c4 Nb4 15. Bxb4 Bxb4 16. Nd2 Rd8 17. Ne4 Qe7 18. Rad1 Ba5 19. c5 Bc7 20. Rfe1 Rb4 21. Bc4 Rxd1 22. Rxd1 f5 23. Nd6 Bd7 24. Nxf5 Qf7 25. Nd6 Qf4 26. g3 Qe5 27. Qg6 Qxc5 28. Nf5 Qf8 29. Rxd7 Be5 30. Qxe6+ Kh8 31. Qxe5 Rb8 32. Rxg7 Re8 33. Rg8+ Kh7 34. Qh8# 1-0


[Site "https://www.chess.com"]

[Event "Titled Tuesday Blitz August 08 Early 2023"]
[White "Rodchenkov, Sergey D."]
[Black "Yuruultei Batbaatar"]
[WhiteFideId "4168712"]
[BlackFideId "4905962"]
[WhiteElo "2469"]
[BlackElo "2329"]
[Result "1-0"]
[Round "6"]
[TimeControl "180+1"]
[Date "2023.08.08"]
[WhiteClock "0:00:58"]
[BlackClock "0:00:53"]
[Board "163"]

1. e4 c5 2. Nf3 e6 3. d4 cxd4 4. Nxd4 Nc6 5. Nc3 a6 6. a3 Nf6 7. Be3 Qc7 8. f4 d6 9. Qf3 Bd7 10. O-O-O Be7 11. Nxc6 Bxc6 12. g4 b5 13. g5 Nd7 14. h4 Qb7 15. h5 a5 16. Nd5 Bxd5 17. exd5 b4 18. a4 O-O 19. g6 Bf6 20. Qg2 exd5 21. gxf7+ Kh8 22. h6 g6 23. Qxd5 Qc8 24. Bh3 b3 25. Rh2 Rb8 26. Bd4 bxc2 27. Rxc2 Qd8 28. Bxd7 Bxd4 29. Qxd4+ 1-0


[Site "https://www.chess.com"]

[Event "Titled Tuesday Blitz August 08 Early 2023"]
[White "amanjazu"]
[Black "Omariev, Maksim"]
[BlackFideId "4193423"]
[WhiteElo "2328"]
[BlackElo "2468"]
[Result "1-0"]
[Round "6"]
[TimeControl "180+1"]
[Date "2023.08.08"]
[WhiteClock "0:00:09"]
[BlackClock "0:00:07"]
[Board "164"]

1. g3 h5 2. h4 d5 3. Nf3 c6 4. Bg2 Nf6 5. O-O Bf5 6. d3 e6 7. Bg5 Be7 8. c4 Nbd7 9. cxd5 exd5 10. Nc3 Ng4 11. e4 dxe4 12. dxe4 Bg6 13. Qd4 O-O 14. Rad1 Nc5 15. Qc4 Qe8 16. Nd4 Ne5 17. Qe2 Bxg5 18. hxg5 f6 19. f4 Ned3 20. f5 Bf7 21. g6 Bc4 22. Qxh5 Rf7 23. Qh7+ Kf8 24. gxf7 Bxf7 25. Qh8+ Bg8 26. Ne6+ Nxe6 27. fxe6 Ne5 28. Rxf6+ gxf6 29. Qxf6+ Nf7 30. exf7 Bxf7 31. e5 Qe6 32. Qxe6 Bxe6 33. Rd6 Ke7 34. Ne4 Rg8 35. Nc5 Bxa2 36. Rd7+ Ke8 37. Rxb7 Rxg3 38. Kf2 Rg5 39. Bxc6+ Kd8 40. Rd7+ Kc8 41. Bb7+ Kb8 42. Re7 Rf5+ 43. Ke3 Rf7 44. Rxf7 Bxf7 45. Kd4 Kc7 46. Be4 Kb6 47. e6 Bxe6 48. Nxe6 Ka5 49. Kc3 Ka4 50. Nc5+ Kb5 51. Nb7 a5 52. Nxa5 Ka4 53. b4 Kb5 54. Nb3 Ka4 55. Nd4 Ka3 56. b5 Ka4 57. b6 Ka5 58. b7 Ka6 59. b8=Q Ka5 60. Qb5# 1-0


[Site "https://www.chess.com"]

[Event "Titled Tuesday Blitz August 08 Early 2023"]
[White "Reprintsev, Alexander"]
[Black "Dong Khanh Linh"]
[WhiteFideId "14100541"]
[BlackFideId "12403040"]
[WhiteElo "2468"]
[BlackElo "2325"]
[Result "1-0"]
[Round "6"]
[TimeControl "180+1"]
[Date "2023.08.08"]
[WhiteClock "0:01:00"]
[BlackClock "0:00:02"]
[Board "165"]

1. e4 e6 2. d4 d5 3. Nc3 Nf6 4. Bg5 dxe4 5. Nxe4 Be7 6. Nxf6+ Bxf6 7. h4 Qxd4 8. Qxd4 Bxd4 9. O-O-O Bf6 10. Bf4 c6 11. Nf3 O-O 12. g4 e5 13. Nxe5 Bxe5 14. Bxe5 Bxg4 15. Bxg7 Bxd1 16. Bxf8 Kxf8 17. Kxd1 Nd7 18. Bd3 h6 19. f4 Nc5 20. Bf5 Rd8+ 21. Ke2 Rd5 22. Bc8 b6 23. b3 Ne4 24. Ke3 Nd6 25. Bg4 c5 26. c3 Ke7 27. Rg1 Kf6 28. a4 Nf5+ 29. Bxf5 Kxf5 30. Rg7 Rd7 31. Rh7 Kg6 32. Rh8 Re7+ 33. Kf3 Rd7 34. Ke4 Kg7 35. Ra8 Kf6 36. f5 Re7+ 37. Kf4 Re5 38. Rxa7 Rxf5+ 39. Kg4 h5+ 40. Kg3 Rd5 41. Rb7 Rd6 42. Kf4 Ke6 43. Rb8 Kf6 44. Ke4 Re6+ 45. Kd5 Kg6 46. Kc4 f5 47. Kd5 Rf6 48. Ke5 f4 49. Rg8+ Kf7 50. Rg1 f3 51. Rf1 f2 52. Ke4 Ke6 53. Ke3 Ke5 54. Rxf2 Rg6 55. Kd3 Rg3+ 56. Kc4 Kd6 57. Rf6+ Kc7 58. Rf4 Kc6 59. b4 cxb4 60. cxb4 Kc7 61. Kb5 Rg4 62. Rf7+ Kd6 63. Rb7 Rxh4 64. Rxb6+ Ke5 65. a5 Rg4 66. a6 Rg8 67. a7 Ra8 68. Ka6 Kf5 1-0


[Site "https://www.chess.com"]

[Event "Titled Tuesday Blitz August 08 Early 2023"]
[White "Pavlidou, Ekaterini"]
[Black "favesaul"]
[WhiteFideId "4213262"]
[WhiteElo "2325"]
[BlackElo "2466"]
[Result "0-1"]
[Round "6"]
[TimeControl "180+1"]
[Date "2023.08.08"]
[WhiteClock "0:00:25"]
[BlackClock "0:00:04"]
[Board "166"]

1. d4 Nf6 2. c4 g6 3. Nc3 d5 4. Nf3 Bg7 5. h4 c6 6. Bg5 h6 7. Bxf6 Bxf6 8. h5 g5 9. e3 O-O 10. cxd5 cxd5 11. Bd3 Nc6 12. Nd2 e5 13. dxe5 Nxe5 14. Be2 Bf5 15. Nb3 Be6 16. Nd4 Nc6 17. Ncb5 Qa5+ 18. Qd2 Qxd2+ 19. Kxd2 Nxd4 20. Nxd4 Rac8 21. Rac1 Rfd8 22. Bd3 Kf8 23. b3 Ke7 24. Rc2 a6 25. Rhc1 Rxc2+ 26. Rxc2 Kd6 27. f3 Bxd4 28. exd4 f6 29. Bg6 Rc8 30. Rxc8 Bxc8 31. Kc3 b6 32. Kb4 Bd7 33. a4 a5+ 34. Kc3 f5 35. g3 f4 36. gxf4 gxf4 37. Kd2 Ke6 38. Ke2 Kf6 39. Kf2 Be6 40. Kg2 Kg5 41. Be8 Bf5 42. Bf7 Bc2 43. Bxd5 Kxh5 44. Kf2 Kg5 45. Ke2 Kf6 46. Kd2 Bf5 47. Bc4 Kg5 48. d5 Kh4 49. Bb5 Kg3 50. d6 h5 51. d7 Bxd7 52. Bxd7 h4 53. Kd3 h3 54. Bxh3 Kxh3 55. Kd4 Kg2 56. Kc4 Kxf3 57. Kb5 Ke3 58. Kxb6 f3 59. Kxa5 f2 60. b4 f1=Q 61. b5 Kd4 62. Ka6 Kc5 63. a5 Qd3 64. Ka7 Kxb5 65. a6 Qd7+ 66. Kb8 Kxa6 67. Ka8 Qb7# 0-1


[Site "https://www.chess.com"]

[Event "Titled Tuesday Blitz August 08 Early 2023"]
[White "Maus7"]
[Black "Osinovsky, Stepan"]
[BlackFideId "4157354"]
[WhiteElo "2456"]
[BlackElo "2325"]
[Result "1-0"]
[Round "6"]
[TimeControl "180+1"]
[Date "2023.08.08"]
[WhiteClock "0:00:11"]
[BlackClock "0:00:00"]
[Board "167"]

1. e4 e5 2. Nf3 Nc6 3. Bc4 Nf6 4. Ng5 d5 5. exd5 Na5 6. Bb5+ c6 7. dxc6 bxc6 8. Bd3 Nd5 9. h4 h6 10. Qh5 Qe7 11. Nxf7 Nf4 12. Nd6+ Kd8 13. Nxc8 Rxc8 14. Qf3 Nb7 15. Bf5 Rc7 16. Be4 Nc5 17. d3 Qd6 18. O-O g5 19. Nd2 g4 20. Qe3 Qf6 21. Nc4 Nce6 22. g3 Bc5 23. Qe1 Rg8 24. Be3 Nd4 25. c3 Nc2 26. Qd2 1-0


[Site "https://www.chess.com"]

[Event "Titled Tuesday Blitz August 08 Early 2023"]
[White "Zaksaite, Salomeja"]
[Black "Rozhkov, Viacheslav"]
[WhiteFideId "12801496"]
[BlackFideId "4181484"]
[WhiteElo "2314"]
[BlackElo "2452"]
[Result "1-0"]
[Round "6"]
[TimeControl "180+1"]
[Date "2023.08.08"]
[WhiteClock "0:00:07"]
[BlackClock "0:00:03"]
[Board "168"]

1. e4 c5 2. Nf3 Nc6 3. Bb5 e6 4. O-O Nge7 5. Re1 a6 6. Bf1 Ng6 7. d4 cxd4 8. Nxd4 Be7 9. c4 O-O 10. Nc3 d6 11. b3 e5 12. Nf5 Bxf5 13. exf5 Nh4 14. Qg4 Nd4 15. Bd3 Bf6 16. Nd5 Kh8 17. Nxf6 Qxf6 18. Bg5 Qxg5 19. Qxg5 Nhf3+ 20. gxf3 Nxf3+ 21. Kg2 Nxg5 22. h4 e4 23. hxg5 exd3 24. Rad1 Rfe8 25. Rxe8+ Rxe8 26. Rxd3 Rd8 27. Kf3 Kg8 28. c5 d5 29. b4 Kf8 30. f6 h6 31. gxh6 gxh6 32. Kf4 Ke8 33. Ke5 Rd7 34. Rxd5 Rxd5+ 35. Kxd5 Kd7 36. a4 h5 37. Ke5 h4 38. Kf4 Ke6 39. b5 axb5 40. axb5 Kd5 41. c6 bxc6 42. bxc6 Kxc6 43. Kg4 Kd6 44. Kxh4 Ke6 45. Kg5 Ke5 46. f3 Kd6 47. Kh6 Ke5 48. Kg7 Ke6 49. f4 Kf5 50. Kxf7 Kxf4 51. Ke7 Ke5 52. f7 Kf5 53. f8=Q+ Kg6 54. Qf7+ Kg5 55. Qf6+ 1-0


[Site "https://www.chess.com"]

[Event "Titled Tuesday Blitz August 08 Early 2023"]
[White "Doluhanova, Evgeniya"]
[Black "Bach Ngoc Thuy Duong"]
[WhiteFideId "14112035"]
[BlackFideId "12408956"]
[WhiteElo "2306"]
[BlackElo "2450"]
[Result "0-1"]
[Round "6"]
[TimeControl "180+1"]
[Date "2023.08.08"]
[WhiteClock "0:00:06"]
[BlackClock "0:00:09"]
[Board "169"]

1. Nf3 d5 2. g3 Bg4 3. Bg2 Nf6 4. O-O c6 5. b3 Nbd7 6. Bb2 e6 7. d3 Be7 8. Nbd2 O-O 9. e4 h6 10. h3 Bh5 11. g4 Bg6 12. Nh4 Bh7 13. Nhf3 dxe4 14. dxe4 Nxe4 15. Nxe4 Bxe4 16. Re1 Bh7 17. Qe2 Bf6 18. c3 Qc7 19. Rad1 Rad8 20. Nd4 a6 21. Ba3 c5 22. Nxe6 fxe6 23. Qxe6+ Kh8 24. Qd5 b6 25. c4 Ne5 26. Qe6 Nd3 27. Re3 Nxf2 28. Rxd8 Qxd8 29. Kxf2 Bd4+ 30. Kg3 Qc7+ 31. Kh4 Bf6+ 32. Kh5 Bg5 33. Be4 Bxe3 34. Bxh7 Kxh7 35. Qxe3 g6+ 36. Kh4 g5+ 0-1


[Site "https://www.chess.com"]